 Dungeon Crawl Stone Soup version 0.24.1-14-gf8d2b509d9 (webtiles) character file.

Game seed: 2897074170842767923, levelgen mode: deterministic

46 Mrkan the Skirmisher (level 3, 0/33 HPs)
             Began as a Ghoul Fighter on May 22, 2020.
             Slain by a gnoll
             ... wielding a +3 flail
              (8 damage)
             ... on level 1 of the Dungeon.
             The game lasted 00:01:54 (1439 turns).

Mrkan the Skirmisher (Ghoul Fighter)                Turns: 1439, Time: 00:01:55

Health: 0/33       AC:  8    Str: 19    XL:     3   Next: 66%
Magic:  2/2        EV:  5    Int:  4    God:
Gold:   93         SH:  8    Dex:  8    Spells: 2/2 levels left

rFire    . . .     SeeInvis .   a - +0 war axe
rCold    + . .     Gourm    .   c - +0 shield
rNeg     + + +     Faith    .   n - +0 chain mail
rPois    ∞         Spirit   .   (no helmet)
rElec    .         Reflect  .   (no cloak)
rCorr    .         Harm     .   (no gloves)
MR       .....                  (no boots)
Stlth    ..........             (no amulet)
HPRegen  0.00/turn              (no ring)
MPRegen  0.08/turn              (no ring)

@: rotting
A: rotting body, claws 1, carnivore, cold resistance 1, negative energy
resistance 3, inhibited regeneration, torment resistance, unbreathing
a: no special abilities


You were on level 1 of the Dungeon.
You were not hungry.

You visited 1 branch of the dungeon, and saw 2 of its levels.

You collected 93 gold pieces.

Inventory:

Hand Weapons
 a - a +0 war axe (weapon)
Armour
 b - a +0 scale mail
 c - a +0 shield (worn)
 n - a +0 chain mail (worn)
Jewellery
 j - a cursed ring of teleportation {unknown}
Wands
 q - a wand of random effects (21)
Scrolls
 h - a scroll of enchant armour {unknown}
 i - a scroll of enchant weapon {unknown}
 k - a scroll of immolation {unknown}
 l - a scroll of identify {unknown}
 o - a scroll of magic mapping {unknown}
Potions
 d - a potion of might
 e - a potion of flight {unknown}
 g - a potion of heal wounds {unknown}
 m - a potion of ambrosia {unknown}
 r - a potion of brilliance {unknown}
Comestibles
 f - 2 rations
 p - a chunk of flesh


   Skills:
 + Level 3.7 Fighting
 * Level 2.8 Axes
 - Level 2.6 Armour
 + Level 3.1 Shields


You had 2 spell levels left.
You didn't know any spells.
Your spell library was empty.

Dungeon Overview and Level Annotations

Branches:
Dungeon (2/15)

Altars:

Annotations:
D:2 Sigmund


Innate Abilities, Weirdness & Mutations

Your body is rotting away.
You thrive on raw meat.
You are immune to poison.
You have sharp fingernails.
You are carnivorous and can eat meat at any time.
Your flesh is cold resistant. (rC+)
You are immune to negative energy. (rN+++)
You do not regenerate when monsters are visible.
You are immune to unholy pain and torment.
You can survive without breathing.


Message History

Your shield and chain mail prevent you from hitting the gnoll.
You block the gnoll's attack.
You slash the gnoll!
You kill the gnoll!
The goblin barely misses you.
You barely miss the goblin. You block the goblin's attack.
You slash the goblin!
You kill the goblin!
You block the gnoll's attack.
You hit the gnoll but do no damage. You block the gnoll's attack.
You hit the gnoll.
The gnoll is lightly wounded.
You block the gnoll's attack.
You slash the gnoll!
The gnoll is almost dead.
You block the gnoll's attack.
You closely miss the gnoll.
The gnoll is almost dead.
The gnoll hits you but does no damage. The gnoll hits you with a +3 flail!
You die...

.#.#...........#
#.#.#........#####
.#.#.........g)..#
#.#.#.....>..###.#
.#.#...........#.#
#.#.#..........#.#
.#.#.'#..#.....#.#
#.#.#.#........#g#
.#.#..#.....##.#@#
#.#.#.#........#.#
.#.#..#.#.######.#####
#.#.#.#..............#
..#.#.###.######.##.##
....#..........#.##.#
....#####.####.#.##.#
....#...#.# #.#.##.#
....#.#.#.# #.#.##.#


You could see a gnoll.

Vanquished Creatures
  A gnoll (D:1)
  An adder (D:1)
  A dart slug (D:2)
  A leopard gecko (D:2)
  2 giant cockroaches (D:1)
  8 goblins
  A hobgoblin (D:1)
  3 bats
  2 frilled lizards (D:1)
  2 kobolds (D:1)
  2 rats (D:1)
24 creatures vanquished.

Notes
Turn   | Place    | Note
-------+----------+-------------------------------------------
     0 | D:1      | Mrkan the Ghoul Fighter began the quest for the Orb.
     0 | D:1      | Reached XP level 1. HP: 19/19 MP: 0/0
   346 | D:1      | Reached XP level 2. HP: 22/22 MP: 1/1
  1182 | D:1      | Reached XP level 3. HP: 15/26 MP: 2/2
  1360 | D:2      | Noticed Sigmund
  1439 | D:1      | Slain by a gnoll

Levels and vault maps discovered:
D:1:      grunt_arrival_lava_bath, layout_basic, minivault_23
D:2:      layout_rooms, hangedman_feature_mirror, uniq_robin, uniq_sigmund

Skill      XL: |  1  2  3 |
---------------+----------+-----
Axes           | 2 |  2.8
Shields        | 3 |  3.1
Fighting       | |  3.7
Armour         | |  2.6

Action                   || total
-------------------------++-------
Melee: War axe           ||    74
  Eat: Chunk             ||     7
Armor: Scale mail        ||    14
       Chain mail        ||    43
Dodge: Dodged            ||    20
Block: Shield            ||    51
